 Dungeon Crawl Stone Soup version 0.29.0-5-ge4962eb29e (webtiles) character file.

Game seed: 8234550986693226506

5 Arcadio the Trooper (level 1, -4/20 HPs)
             Began as a Minotaur Berserker on Aug 28, 2022.
             Was a Follower of Trog.
             Slain by a black bear (6 damage)
             ... on level 2 of the Dungeon.
             The game lasted 00:01:24 (178 turns).

Arcadio the Trooper (Minotaur Berserker)             Turns: 178, Time: 00:01:25

Health: -4/20      AC:  2    Str: 21    XL:     1   Next: 66%
Magic:  0/0        EV: 12    Int:  4    God:    Trog [*.....]
Gold:   5          SH:  0    Dex:  9    Spells: 0/0 levels left

rFire   . . .      SeeInvis .   a - +0 falchion
rCold   . . .      Faith    .   (no shield)
rNeg    . . .      Spirit   .   b - +0 animal skin
rPois   .          Reflect  .   (helmet restricted)
rElec   .          Harm     .   (no cloak)
rCorr   .          Rampage  .   (no gloves)
Will    .....                   (no boots)
Stlth   +.........              (no amulet)
HPRegen 0.06/turn               (no ring)
MPRegen 0.07/turn               (no ring)

@: no status effects
A: horns 2, retaliatory headbutt
a: Renounce Religion, Berserk


You were on level 2 of the Dungeon.
You worshipped Trog.
Trog was aware of your devotion.
You visited 1 branch of the dungeon, and saw 2 of its levels.

You collected 5 gold pieces.

Inventory:

Hand Weapons
 a - a +0 falchion (weapon)
Armour
 b - a +0 animal skin (worn)
Potions
 c - a potion of mutation {unknown}
 d - a potion of degeneration {unknown}


   Skills:
 + Level 3.8 Fighting
 + Level 3.8 Long Blades
 + Level 2.6 Armour
 - Level 2.1 Dodging


You couldn't memorise any spells.
You didn't know any spells.
Your spell library was empty.

Dungeon Overview and Level Annotations

Branches:
Dungeon (2/15) Zot: 11811

Altars:


Innate Abilities, Weirdness & Mutations

You have a pair of horns on your head.
You reflexively headbutt those who attack you in melee.


Message History

You hit the hobgoblin.
The hobgoblin is severely wounded.
The hobgoblin hits you. The hobgoblin misses you.
The hobgoblin barely misses you. You furiously retaliate!
You headbutt the hobgoblin!
You kill the hobgoblin!
Trog accepts your kill.
You feel yourself speed up.
You recover from your berserk rage.
A quokka comes into view.
Found an escape hatch in the floor.
Found a scroll labelled BABUIMPANLU.
A rat comes into view.
Found a scroll labelled YBAAXUR JAQES and a scroll labelled BODAOFUSERIBU.
Found a stone staircase leading down.
A ball python comes into view.
Found a stone staircase leading up.
The rat misses you.
A black bear comes into view.
Found a fuming black potion.
The black bear growls angrily.
A quokka comes into view.
Found 12 gold pieces.
The quokka bites you but does no damage.
You see here a scroll labelled BABUIMPANLU.
Found 4 gold pieces.
The black bear barely misses you. The black bear claws you.
* * * LOW HITPOINT WARNING * * *
The black bear claws you.
* * * LOW HITPOINT WARNING * * *
The rat attacks as you move away! The rat misses you. You furiously retaliate!
You headbutt the rat, but do no damage.
The black bear attacks as you move away!
The black bear bites you but does no damage.
The black bear claws you.
* * * LOW HITPOINT WARNING * * *
The black bear barely misses you.
Found 6 stones, 2 scrolls labelled BODAOFUSERIBU and 10 gold pieces.
The black bear attacks as you move away!
The black bear bites you.
You die...

$?.(#.#... #
.......#.$.
#.####...........
........$......
.....!........ ###
#...<........
....#...r........#
#..S.@h......#.###
##...rr...........
##?...?............
##.....>............
#...................#
.............#........
##..?.........#........
#....................(.
#.##.#.....#..........#


You could see a black bear, 2 quokkas, a ball python and a rat.

Vanquished Creatures
  A ball python (D:1)
  A hobgoblin (D:2)
  A bat (D:1)
  A frilled lizard (D:2)
  2 kobolds (D:2)
6 creatures vanquished.

Notes
Turn   | Place    | Note
-------+----------+-------------------------------------------
     0 | D:1      | Arcadio the Minotaur Berserker began the quest for the Orb.
     0 | D:1      | Reached XP level 1. HP: 19/19 MP: 0/0
    94 | D:1      | You fall into a shaft and drop 1 floor!
   173 | D:2      | Noticed a black bear
   178 | D:2      | Slain by a black bear

Illustrated notes

Levels and vault maps discovered:
D:1:      beargit_arrival_greenhouse, layout_basic, serial_shops,
          nicolae_shop_bloodbath_and_beyond, chequers_serial_rivers_room_a,
          minmay_misc_feat_four_crosses
D:2:      layout_rooms, nicolae_shop_unique_rings, uniq_jessica

Action                   || total
-------------------------++-------
Melee: Falchion          ||    14
Invok: Berserk           ||     1
Armor: Animal skin       ||     3
Dodge: Dodged            ||    24
